[ AOE2 MATCH · #504859374 ]
UnrankedBohemians vs Bengalis
Player's team · LOSS
Rival team · WIN
[ REPLAY ANALYSIS · EXTRACTED FROM THE RECORDED GAME ]
Feudal
9:31
Castle
23:32
Imperial
41:38
| APM avg | 52.6 |
| APM peak | 86 |
| eAPM avg | 24.7 |
| Villagers / military | 152 / 126 |
Focus
⚔️ 33.1% · 🌾 66.9%
Hand Cannoneer ×46 · Spearman ×43 · Archer ×20 · Bombard Cannon ×6 · Trebuchet (Packed) ×4 · Monk ×3
Feudal
8:32
Castle
23:41
Imperial
41:13
| APM avg | 68.2 |
| APM peak | 120 |
| eAPM avg | 31.8 |
| Villagers / military | 148 / 197 |
Focus
⚔️ 38.8% · 🌾 61.2%
Scout Cavalry ×142 · Elephant Archer ×22 · Ratha (Ranged) ×9 · Mangonel ×8 · Trebuchet (Packed) ×8 · Monk ×6
Match map
Initial resources + every placement click. Lines = walls · curves = elevation contours. ◆ gold · ⬟ stone · ● berries · ✦ relic · ◌ wall gap
Your base· ✓ Closed at 23:32 · 65t walls · 2 gate(s)
CQ.MaSSa_V's base· ✓ Closed at 23:41 · 54t walls · 2 gate(s)
Smoothed initial terrain · ◌ = detected wall gap · hover for details
Inputs per minute
— zagaluke - - CQ.MaSSa_V
Build order — zagaluke
First 150 of 463 actions detected
| 0:00 | Queue | Villager (Male) |
| 0:00 | Queue | Villager (Male) |
| 0:02 | Build | House |
| 0:03 | Build | House |
| 0:06 | Queue | Villager (Male) |
| 0:06 | Queue | Villager (Male) |
| 1:27 | Queue | Villager (Male) |
| 1:55 | Build | Lumber Camp |
| 1:57 | Queue | Villager (Male) |
| 2:13 | Queue | Villager (Male) |
| 2:40 | Queue | Villager (Male) |
| 3:00 | Queue | Villager (Male) |
| 3:30 | Queue | Villager (Male) |
| 3:49 | Queue | Villager (Male) |
| 4:07 | Build | House |
| 4:29 | Queue | Villager (Male) |
| 4:34 | Build | Barracks |
| 4:48 | Queue | Villager (Male) |
| 5:16 | Build | House |
| 5:20 | Queue | Villager (Male) |
| 5:33 | Queue | Villager (Male) |
| 5:45 | Queue | Villager (Male) |
| 5:58 | Research | Loom |
| 6:43 | Queue | Villager (Male) |
| 7:21 | Research | Feudal Age |
| 7:21 | Research | Feudal Age |
| 7:39 | Queue | Militia |
| 7:43 | Build | Mining Camp |
| 8:04 | Queue | Militia |
| 8:09 | Build | Mill |
| 8:23 | Queue | Militia |
| 8:50 | Build | House |
| 9:13 | Queue | Villager (Male) |
| 9:31 | Age | Feudal Age |
| 9:45 | Build | Archery Range |
| 9:47 | Build | Farm |
| 9:47 | Build | Farm |
| 9:47 | Build | Farm |
| 9:52 | Queue | Villager (Male) |
| 9:58 | Build | Farm |
| 10:18 | Queue | Spearman |
| 10:26 | Queue | Villager (Male) |
| 10:52 | Queue | Villager (Male) |
| 10:53 | Build | Farm |
| 11:05 | Queue | Archer |
| 11:18 | Queue | Villager (Male) |
| 11:22 | Queue | Spearman |
| 11:39 | Queue | Villager (Male) |
| 11:41 | Queue | Archer |
| 11:44 | Build | Blacksmith |
| 11:46 | Build | House |
| 11:49 | Build | House |
| 11:51 | Build | Palisade Wall |
| 12:01 | Queue | Villager (Male) |
| 12:06 | Queue | Archer |
| 12:16 | Queue | Villager (Male) |
| 12:24 | Build | House |
| 12:27 | Research | Double-Bit Axe |
| 12:33 | Queue | Villager (Male) |
| 13:04 | Queue | Villager (Male) |
| 13:19 | Build | Palisade Wall |
| 13:23 | Build | Palisade Wall |
| 13:32 | Build | Palisade Wall |
| 13:33 | Build | Palisade Wall |
| 13:35 | Queue | Villager (Male) |
| 13:36 | Research | Town Watch |
| 13:37 | Queue | Archer |
| 13:39 | Queue | Spearman |
| 13:55 | Queue | Villager (Male) |
| 13:57 | Build | Farm |
| 14:06 | Build | Palisade Wall |
| 14:10 | Queue | Villager (Male) |
| 14:14 | Queue | Archer |
| 14:22 | Build | Farm |
| 14:30 | Queue | Spearman |
| 14:49 | Queue | Villager (Male) |
| 14:58 | Build | Palisade Gate |
| 15:25 | Queue | Villager (Male) |
| 15:30 | Queue | Villager (Male) |
| 15:36 | Build | Palisade Wall |
| 16:12 | Queue | Villager (Male) |
| 16:15 | Build | Palisade Wall |
| 16:18 | Build | Palisade Wall |
| 16:42 | Queue | Villager (Male) |
| 16:50 | Queue | Villager (Male) |
| 16:52 | Build | Farm |
| 16:54 | Build | Farm |
| 17:08 | Queue | Villager (Male) |
| 17:15 | Build | Palisade Wall |
| 17:32 | Queue | Archer |
| 17:32 | Queue | Archer |
| 17:38 | Build | Farm |
| 17:43 | Build | Palisade Wall |
| 17:47 | Build | House |
| 17:51 | Queue | Spearman |
| 17:52 | Queue | Villager (Male) |
| 17:55 | Build | Farm |
| 17:59 | Build | Mill |
| 18:02 | Queue | Villager (Male) |
| 18:11 | Queue | Villager (Male) |
| 18:18 | Build | Palisade Wall |
| 18:23 | Queue | Villager (Male) |
| 18:35 | Build | Palisade Gate |
| 19:00 | Build | Palisade Wall |
| 19:10 | Queue | Villager (Male) |
| 19:46 | Build | Market |
| 19:53 | Queue | Villager (Male) |
| 20:02 | Build | Farm |
| 20:03 | Build | Farm |
| 20:05 | Build | Lumber Camp |
| 20:24 | Queue | Villager (Male) |
| 20:41 | Research | Castle Age |
| 20:42 | Queue | Archer |
| 20:43 | Queue | Archer |
| 20:49 | Build | Archery Range |
| 20:54 | Build | House |
| 20:56 | Build | House |
| 21:09 | Queue | Villager (Male) |
| 21:10 | Queue | Archer |
| 21:14 | Research | Fletching |
| 21:36 | Research | Horse Collar |
| 21:36 | Research | Horse Collar |
| 21:40 | Build | Farm |
| 21:43 | Build | Farm |
| 21:49 | Queue | Archer |
| 22:01 | Build | Lumber Camp |
| 22:20 | Queue | Archer |
| 22:20 | Queue | Archer |
| 22:29 | Build | Farm |
| 22:32 | Queue | Archer |
| 22:33 | Queue | Archer |
| 23:08 | Build | Farm |
| 23:10 | Build | Farm |
| 23:32 | Age | Castle Age |
| 23:32 | Research | Crossbowman (upgrade) |
| 23:33 | Research | Bodkin Arrow |
| 23:36 | Build | University |
| 23:43 | Queue | Villager (Male) |
| 23:48 | Research | Wheelbarrow |
| 23:52 | Build | Farm |
| 23:56 | Queue | Archer |
| 23:57 | Queue | Archer |
| 24:18 | Queue | Villager (Male) |
| 24:22 | Queue | Archer |
| 24:22 | Queue | Archer |
| 24:42 | Research | Ballistics |
| 24:43 | Research | Ballistics |
| 25:00 | Queue | Villager (Male) |
| 25:09 | Queue | Villager (Male) |
| 25:17 | Build | House |
Build order — CQ.MaSSa_V
First 150 of 485 actions detected
| 0:01 | Queue | Villager (Male) |
| 0:01 | Queue | Villager (Male) |
| 0:02 | Queue | Villager (Male) |
| 0:02 | Build | House |
| 0:02 | Queue | Villager (Male) |
| 0:05 | Build | House |
| 1:26 | Queue | Villager (Male) |
| 1:40 | Queue | Villager (Male) |
| 2:04 | Queue | Villager (Male) |
| 2:44 | Queue | Villager (Male) |
| 3:12 | Build | Mill |
| 3:22 | Queue | Villager (Male) |
| 3:22 | Queue | Villager (Male) |
| 3:22 | Queue | Villager (Male) |
| 3:28 | Build | House |
| 3:44 | Queue | Villager (Male) |
| 4:03 | Queue | Villager (Male) |
| 4:03 | Queue | Villager (Male) |
| 4:04 | Queue | Villager (Male) |
| 4:48 | Queue | Villager (Male) |
| 5:44 | Research | Loom |
| 5:56 | Build | Lumber Camp |
| 6:22 | Research | Feudal Age |
| 6:59 | Build | House |
| 7:23 | Build | Palisade Wall |
| 7:25 | Build | Palisade Wall |
| 7:28 | Build | Palisade Wall |
| 7:28 | Build | Palisade Wall |
| 7:51 | Build | Barracks |
| 8:01 | Build | House |
| 8:13 | Build | House |
| 8:32 | Age | Feudal Age |
| 8:35 | Queue | Villager (Male) |
| 8:44 | Build | Stable |
| 8:46 | Queue | Villager (Male) |
| 8:51 | Build | Palisade Wall |
| 8:51 | Build | Palisade Wall |
| 8:52 | Build | Palisade Wall |
| 8:53 | Build | Palisade Wall |
| 9:02 | Build | Palisade Wall |
| 9:05 | Queue | Villager (Male) |
| 9:30 | Queue | Scout Cavalry ×3 |
| 9:48 | Build | Mill |
| 9:51 | Queue | Villager (Male) |
| 10:25 | Queue | Villager (Male) |
| 10:28 | Build | Farm |
| 10:29 | Build | Farm |
| 10:53 | Queue | Scout Cavalry ×2 |
| 11:03 | Build | Farm |
| 11:03 | Build | Farm |
| 11:03 | Build | Farm |
| 11:03 | Build | Farm |
| 11:04 | Build | Farm |
| 11:04 | Build | Farm |
| 11:04 | Build | Farm |
| 11:04 | Build | Farm |
| 11:09 | Queue | Villager (Male) |
| 11:17 | Queue | Villager (Male) |
| 11:32 | Build | Palisade Gate |
| 11:33 | Build | House |
| 11:39 | Research | Town Watch |
| 11:41 | Build | House |
| 11:43 | Queue | Villager (Male) |
| 11:53 | Build | House |
| 11:56 | Build | Palisade Wall |
| 11:58 | Build | Palisade Wall |
| 12:07 | Queue | Villager (Male) |
| 12:24 | Build | Palisade Wall |
| 12:35 | Queue | Villager (Male) |
| 12:44 | Queue | Villager (Male) |
| 13:01 | Queue | Villager (Male) |
| 13:03 | Queue | Scout Cavalry |
| 13:06 | Build | Farm |
| 13:07 | Build | Farm |
| 13:07 | Queue | Villager (Male) |
| 13:43 | Queue | Scout Cavalry |
| 13:49 | Queue | Villager (Male) |
| 13:50 | Build | Farm |
| 13:51 | Build | Farm |
| 14:01 | Queue | Villager (Male) |
| 14:03 | Build | Farm |
| 14:14 | Queue | Villager (Male) |
| 14:26 | Build | Farm |
| 14:26 | Queue | Scout Cavalry |
| 14:43 | Queue | Villager (Male) |
| 14:44 | Queue | Villager (Male) |
| 15:02 | Queue | Villager (Male) |
| 15:07 | Build | Farm |
| 15:08 | Build | Farm |
| 15:26 | Queue | Villager (Male) |
| 15:27 | Queue | Scout Cavalry ×2 |
| 15:41 | Queue | Villager (Male) |
| 15:43 | Build | Farm |
| 15:47 | Build | House |
| 15:56 | Queue | Villager (Male) |
| 16:03 | Queue | Villager (Male) |
| 16:07 | Build | House |
| 16:08 | Build | House |
| 16:10 | Build | Palisade Wall |
| 16:18 | Queue | Villager (Male) |
| 16:30 | Build | House |
| 16:32 | Build | Palisade Gate |
| 16:34 | Build | Palisade Wall |
| 16:56 | Queue | Scout Cavalry ×2 |
| 16:56 | Queue | Scout Cavalry ×2 |
| 16:59 | Build | Palisade Wall |
| 17:29 | Queue | Scout Cavalry |
| 17:39 | Build | House |
| 17:41 | Build | Mining Camp |
| 17:42 | Queue | Villager (Male) |
| 17:50 | Build | House |
| 17:51 | Build | Palisade Wall |
| 17:53 | Queue | Villager (Male) |
| 17:55 | Queue | Villager (Male) |
| 17:59 | Build | House |
| 18:00 | Build | Palisade Wall |
| 18:11 | Queue | Villager (Male) |
| 18:14 | Build | Farm |
| 18:16 | Build | Farm |
| 18:16 | Queue | Villager (Male) |
| 18:27 | Build | Farm |
| 18:34 | Research | Wheelbarrow |
| 18:46 | Build | House |
| 18:50 | Build | House |
| 19:12 | Queue | Villager (Male) |
| 19:24 | Build | House |
| 19:55 | Research | Horse Collar |
| 19:59 | Build | Farm |
| 20:08 | Queue | Villager (Male) |
| 20:19 | Build | House |
| 20:26 | Build | Market |
| 20:38 | Build | Blacksmith |
| 20:41 | Build | Farm |
| 21:01 | Research | Castle Age |
| 21:04 | Queue | Scout Cavalry |
| 21:04 | Queue | Scout Cavalry |
| 21:11 | Build | Farm |
| 21:12 | Build | Farm |
| 21:12 | Research | Forging |
| 21:30 | Build | Lumber Camp |
| 21:33 | Research | Horse Collar |
| 21:33 | Research | Horse Collar |
| 21:49 | Build | Farm |
| 21:49 | Build | Farm |
| 21:51 | Queue | Scout Cavalry |
| 21:51 | Queue | Scout Cavalry |
| 22:15 | Queue | Villager (Male) |
| 22:16 | Queue | Scout Cavalry ×2 |
| 22:32 | Queue | Villager (Male) |
| 22:44 | Research | Gold Mining |
Match timeline
| 4:34 | zagaluke · first_building Barracks |
| 7:23 | CQ.MaSSa_V · wall_segment Palisade Wall x1 |
| 7:25 | CQ.MaSSa_V · wall_segment Palisade Wall x1 |
| 7:28 | CQ.MaSSa_V · wall_segment Palisade Wall x1 |
| 7:28 | CQ.MaSSa_V · wall_segment Palisade Wall x1 |
| 7:51 | CQ.MaSSa_V · first_building Barracks |
| 8:32 | CQ.MaSSa_V · age_up feudal |
| 8:44 | CQ.MaSSa_V · first_building Stable |
| 8:51 | CQ.MaSSa_V · wall_segment Palisade Wall x1 |
| 8:51 | CQ.MaSSa_V · wall_segment Palisade Wall x1 |
| 8:52 | CQ.MaSSa_V · wall_segment Palisade Wall x1 |
| 8:53 | CQ.MaSSa_V · wall_segment Palisade Wall x1 |
| 9:02 | CQ.MaSSa_V · wall_segment Palisade Wall x1 |
| 9:31 | zagaluke · age_up feudal |
| 9:45 | zagaluke · first_building Archery Range |
| 11:51 | zagaluke · wall_segment Palisade Wall x14 |
| 11:56 | CQ.MaSSa_V · wall_segment Palisade Wall x14 |
| 11:58 | CQ.MaSSa_V · wall_segment Palisade Wall x8 |
| 12:24 | CQ.MaSSa_V · wall_segment Palisade Wall x1 |
| 13:19 | zagaluke · wall_segment Palisade Wall x1 |
| 13:23 | zagaluke · wall_segment Palisade Wall x1 |
| 13:32 | zagaluke · wall_segment Palisade Wall x1 |
| 13:33 | zagaluke · wall_segment Palisade Wall x1 |
| 14:06 | zagaluke · wall_segment Palisade Wall x11 |
| 15:36 | zagaluke · wall_segment Palisade Wall x1 |
| 16:10 | CQ.MaSSa_V · wall_segment Palisade Wall x1 |
| 16:15 | zagaluke · wall_segment Palisade Wall x9 |
| 16:18 | zagaluke · wall_segment Palisade Wall x11 |
| 16:34 | CQ.MaSSa_V · wall_segment Palisade Wall x1 |
| 16:59 | CQ.MaSSa_V · wall_segment Palisade Wall x5 |
| 17:15 | zagaluke · wall_segment Palisade Wall x7 |
| 17:43 | zagaluke · wall_segment Palisade Wall x6 |
| 17:51 | CQ.MaSSa_V · wall_segment Palisade Wall x8 |
| 18:00 | CQ.MaSSa_V · wall_segment Palisade Wall x8 |
| 18:18 | zagaluke · wall_segment Palisade Wall x1 |
| 19:00 | zagaluke · wall_segment Palisade Wall x1 |
| 20:36 | zagaluke · first_market_sell 500 stone |
| 20:37 | zagaluke · first_market_buy 100 food |
| 23:32 | zagaluke · age_up castle |
| 23:41 | CQ.MaSSa_V · age_up castle |
| 23:51 | CQ.MaSSa_V · first_building Siege Workshop |
| 24:42 | CQ.MaSSa_V · wall_segment Palisade Wall x1 |
| 25:49 | CQ.MaSSa_V · first_building Monastery |
| 27:04 | zagaluke · wall_segment Palisade Wall x1 |
| 29:11 | zagaluke · first_building Monastery |
| 34:56 | CQ.MaSSa_V · first_market_buy 100 stone |
| 34:58 | CQ.MaSSa_V · first_building Castle |
| 35:24 | zagaluke · first_building Castle |
| 36:45 | zagaluke · wall_segment Palisade Wall x1 |
| 39:28 | zagaluke · first_building Siege Workshop |
| 40:50 | zagaluke · wall_segment Palisade Wall x1 |
| 41:13 | CQ.MaSSa_V · age_up imperial |
| 41:38 | zagaluke · age_up imperial |
| 44:30 | CQ.MaSSa_V · first_building Archery Range |
| 47:06 | CQ.MaSSa_V · first_market_sell 100 wood |
| 49:53 | zagaluke · resign |
[ AI ANALYSIS · 1 CREDIT ]
What really happened in this match?
Wolo.gg analyzes every decision: build order, eco, micro, common mistakes by bracket. Personalized analysis on WhatsApp or Discord in 30 seconds.
Civ guide
Bohemians
Perfil
zagaluke